 Dungeon Crawl Stone Soup version 0.23.0-3-gf3c87f2df8 (webtiles) character file.

Game seed: 6437066071384539919

3822 Tarias the Thaumaturge (level 9, -3/45 HPs)
             Began as a Deep Elf Fire Elementalist on Feb 24, 2019.
             Was a Follower of Vehumet.
             Slain by an ogre
             ... wielding a +0 giant club
              (26 damage)
             ... on level 9 of the Dungeon.
             The game lasted 00:21:41 (11638 turns).

Tarias the Thaumaturge (DEFE)                      Turns: 11638, Time: 00:21:41

Health: -3/45      AC:  9    Str:  5    XL:     9   Next: 97%
Magic:  22/24      EV: 18    Int: 24    God:    Vehumet [*.....]
Gold:   302        SH:  0    Dex: 15    Spells: 14/27 levels left

rFire    . . .     SeeInvis .   H - +1 dagger (drain)
rCold    . . .     Gourm    .   (no shield)
rNeg     . . .     Faith    .   a - +0 robe
rPois    .         Spirit   .   z - +0 helmet
rElec    .         Reflect  .   g - +1 cloak
rCorr    .         Harm     .   w - +0 pair of gloves
MR       +....                  (no boots)
Stlth    ++........             (no amulet)
HPRegen  0.15/turn              m - ring of protection from magic
MPRegen  0.19/turn              q - +3 ring of protection

@: no status effects
A: no striking features
a: Renounce Religion


You were on level 9 of the Dungeon.
You worshipped Vehumet.
Vehumet was aware of your devotion.
You were not hungry.

You visited 2 branches of the dungeon, and saw 10 of its levels.

You collected 482 gold pieces.
You spent 180 gold pieces at shops.

Inventory:

Hand Weapons
 H - a +1 dagger of draining (weapon)
Missiles
 G - 4 throwing nets (quivered)
Armour
 a - a +0 robe (worn)
 g - a +1 cloak (worn)
 w - a +0 pair of gloves (worn)
 z - a +0 helmet (worn)
Jewellery
 b - an uncursed ring of poison resistance {unknown}
 k - an uncursed ring of see invisible
 m - a ring of protection from magic (left hand)
 q - a +3 ring of protection (right hand)
Wands
 j - a wand of iceblast (16)
 v - a wand of clouds (5)
 B - a wand of paralysis (6)
 E - a wand of polymorph (7)
Scrolls
 h - a scroll of immolation
 i - a scroll of fear
 o - a scroll of magic mapping
 s - 2 scrolls of teleportation
 t - 3 scrolls of remove curse
 y - a scroll of summoning {unknown}
 C - 2 scrolls of enchant armour
 F - a scroll of enchant weapon
Potions
 d - 3 potions of haste
 e - 5 potions of curing
 f - a potion of resistance
 l - 3 potions of brilliance
 p - a potion of might
 r - 4 potions of mutation
 u - 3 potions of lignification
 x - 3 potions of heal wounds
 A - a potion of agility {unknown}
Comestibles
 c - 13 rations
 n - 2 chunks of flesh


   Skills:
 + Level 9.0 Dodging
 - Level 2.4 Stealth
 + Level 9.8 Spellcasting
 + Level 7.9 Conjurations
 + Level 8.5 Fire Magic


You had 14 spell levels left.
You knew the following spells:

 Your Spells              Type           Power        Failure   Level  Hunger
a - Flame Tongue          Conj/Fire      #####        1%          1    None
b - Conjure Flame         Conj/Fire      ######..     1%          3    None
c - Sticky Flame          Conj/Fire      ######..     1%          4    #......
d - Fireball              Conj/Fire      ######....   4%          5    ####...

Your spell library contained the following spells:

 Spells                   Type           Power        Failure   Level  Hunger
 Shock                    Conj/Air       ####         1%          1    None
 Magic Dart               Conj           ####         1%          1    None
 Searing Ray              Conj           #####.       1%          2    None
 Throw Flame              Conj/Fire      ######       1%          2    None
 Iskenderun's Mystic Bla  Conj           #####...     1%          4    #......
 Inner Flame              Hex/Fire       ####....     2%          3    None
 Dazzling Spray           Conj/Hex       ####..       3%          3    None
 Animate Skeleton         Necr           N/A          5%          1    None
 Corona                   Hex            ##.....      5%          1    None
 Pain                     Necr           ##..         5%          1    None
 Ensorcelled Hibernation  Hex/Ice        ##....       9%          2    None
 Force Lance              Conj/Tloc      ####....     11%         4    #......
 Fulminant Prism          Conj/Hex       ####......   11%         4    #......
 Confuse                  Hex            ##......     16%         3    None
 Regeneration             Chrm/Necr      ##........   16%         3    None
 Tukima's Dance           Hex            ##......     16%         3    None
 Vampiric Draining        Necr           ##........   16%         3    None
 Animate Dead             Necr           N/A          47%         4    #......


Dungeon Overview and Level Annotations

Branches:
Dungeon (9/15)             Temple (1/1) D:7
   Lair: D:8-11         Orc: D:9-12

Altars:
Cheibriados
Dithmenos
Fedhas
Gozag
Hepliaklqana
Kikubaaqudgha
Makhleb
Nemelex Xobeh
Okawaru
Qazlal
Sif Muna
Trog
Uskayaw
Vehumet
Wu Jian
Xom
Yredelemnul
Zin
The Shining One
Jiyva

Shops:
D:4 !


Message History

Casting: Flame Tongue (safe; 1% risk of failure)
Confirm with . or Enter, or press ? or * to list all spells.
Aiming: Flame Tongue (safe; 1% risk of failure)
Press: ? - help, Shift-Dir - straight line, f - ogre
Aim: an ogre, wielding a +0 giant club The flame tongue hits the ogre.
The ogre is lightly wounded.
Casting: Flame Tongue (safe; 1% risk of failure)
Confirm with . or Enter, or press ? or * to list all spells.
Aiming: Flame Tongue (safe; 1% risk of failure)
Press: ? - help, Shift-Dir - straight line, f/p - ogre
Aim: an ogre, wielding a +0 giant club (lightly wounded)
The flame tongue hits the ogre.
The ogre is lightly wounded.
The ogre hits you with a +0 giant club!!
You hit the ogre but do no damage. You drain the ogre.
The ogre is moderately wounded.
The ogre hits you with a +0 giant club!!
Ouch! That really hurt!
You die...

...).# .....# #.. ..#
... .....# # #..#..##...
.....# #.#...?......
.....### #$#.........#
.......# ...........#
.⌠⌠⌠⌠⌠.# #.#<#......(...
.⌠###⌠.# #....#.O.......
.⌠#_'..# #....#.@......(
.⌠###)## #....#.........
.⌠⌠⌠)⌠####....#.........
.........#....#.........
..............#.#..#####
###...........'.#..#
#........#....#########
#........#.............
#........##............


You could see an ogre.

Vanquished Creatures
  Harold (D:8)
  Pikel (D:8)
  3 slaves
  An orc warrior (D:9)
  2 sky beasts
  An ice beast (D:7)
  5 ogres
  2 phantoms
  A centaur (D:8)
  2 big kobolds
  2 bullfrogs
  A water moccasin zombie (D:7)
  2 scorpions
  3 wights (D:6)
  4 crimson imps
  A bullfrog zombie (D:6)
  A jelly (D:7)
  A centaur zombie (D:5)
  A centaur skeleton (D:8)
  A hound (D:8)
  A bullfrog skeleton (D:8)
  A quasit (D:8)
  An orc priest (D:6)
  A gnoll shaman (D:6)
  4 orc wizards
  An iguana (D:8)
  7 worker ants
  A hound skeleton (D:7)
  Robin (D:3)
  15 adders
  7 gnolls
  2 shadow imps
  2 oozes
  2 adder skeletons
  4 worms
  2 dart slugs
  4 leopard geckos
  13 orcs
  7 giant cockroaches
  15 goblins
  9 hobgoblins
  8 jackals
  2 quokkas
  A ball python (D:6)
  6 bats
  3 frilled lizards
  16 kobolds
  2 leopard gecko skeletons
  2 rats (D:1)
  A butterfly (D:7)
177 creatures vanquished.

Vanquished Creatures (others)
  A slave (D:8)
1 creature vanquished.

Grand Total: 178 creatures vanquished

Notes
Turn   | Place    | Note
-------+----------+-------------------------------------------
     0 | D:1      | Tarias the Deep Elf Fire Elementalist began the quest for
                  | the Orb.
     0 | D:1      | Reached XP level 1. HP: 10/10 MP: 6/6
   325 | D:1      | Reached XP level 2. HP: 15/15 MP: 5/8
  1025 | D:2      | Reached XP level 3. HP: 19/19 MP: 8/10
  1369 | D:2      | Learned a level 3 spell: Conjure Flame
  1519 | D:2      | Reached XP level 4. HP: 24/24 MP: 8/11
  1816 | D:2      | Found a bloodstained altar of Trog.
  1817 | D:2      | Found a hide-covered altar of Uskayaw.
  1985 | D:2      | Found a glowing golden altar of the Shining One.
  2942 | D:3      | Found a glowing silver altar of Zin.
  2948 | D:3      | Found an iron altar of Okawaru.
  2950 | D:3      | Found a stormy altar of Qazlal.
  3261 | D:3      | Noticed Robin
  3304 | D:3      | Killed Robin
  3422 | D:3      | Reached XP level 5. HP: 28/28 MP: 8/13
  3770 | D:3      | Learned a level 4 spell: Sticky Flame
  4244 | D:4      | Found Peecid's Distillery.
  4255 | D:4      | Found an opulent altar of Gozag.
  4263 | D:5      | Entered Level 5 of the Dungeon
  4533 | D:6      | Learned a level 5 spell: Fireball
  4587 | D:6      | Noticed a sky beast
  4598 | D:6      | Killed a sky beast
  4598 | D:6      | Reached skill level 5 in Spellcasting
  4598 | D:6      | Reached XP level 6. HP: 32/32 MP: 3/15
  4760 | D:6      | Reached skill level 5 in Fire Magic
  4844 | D:6      | Reached skill level 5 in Dodging
  4844 | D:6      | Reached XP level 7. HP: 36/36 MP: 7/17
  5965 | D:6      | Reached skill level 5 in Conjurations
  5965 | D:6      | Reached XP level 8. HP: 41/41 MP: 10/20
  6298 | D:6      | Found a sparkling altar of Nemelex Xobeh.
  6724 | D:6      | Found an ancient bone altar of Kikubaaqudgha.
  7698 | D:7      | Found a staircase to the Ecumenical Temple.
  7713 | Temple   | Entered the Ecumenical Temple
  7779 | Temple   | Became a worshipper of Vehumet
  8725 | D:4      | Bought a potion of heal wounds for 60 gold pieces
  8725 | D:4      | Bought a potion of heal wounds for 60 gold pieces
  8725 | D:4      | Bought a potion of degeneration for 12 gold pieces
  8725 | D:4      | Bought a potion of brilliance for 48 gold pieces
  9636 | D:8      | Reached XP level 9. HP: 44/45 MP: 16/23
 10013 | D:8      | Noticed Pikel
 10240 | D:8      | Killed Pikel
 10432 | D:8      | Reached * piety under Vehumet
 10432 | D:8      | Offered knowledge of Shock by Vehumet.
 10826 | D:8      | Found an ornate altar of the Wu Jian Council.
 11148 | D:8      | Noticed Harold
 11155 | D:8      | Killed Harold
 11434 | D:9      | Found a basalt altar of Yredelemnul.
 11638 | D:9      | Slain by an ogre

Skill      XL: |  1  2  3  4  5  6  7  8  9 |
---------------+----------------------------+-----
Dodging        | 3 4 5 6 7 9 |  9.0
Conjurations   | 2 3 4 5 6 7 |  7.9
Fire Magic     | 4 5 6 7 8 |  8.5
Spellcasting   | 4 5 6 8 9 |  9.8
Stealth        | |  2.4

Action                   |  1- 3 |  4- 6 |  7- 9 || total
-------------------------+-------+-------+-------++-------
Melee: Dagger            |     2 |     4 |    39 ||    45
       Short sword       |       |       |    79 ||    79
 Cast: Flame Tongue      |    55 |   133 |   281 ||   469
       Conjure Flame     |       |     4 |     8 ||    12
       Sticky Flame      |       |     1 |     9 ||    10
       Fireball          |       |       |     3 ||     3
  Use: Scroll            |       |     7 |    14 ||    21
 Stab: Sleeping          |       |       |     1 ||     1
  Eat: Chunk             |     2 |     9 |    16 ||    27
       Ration            |       |       |     2 ||     2
Armor: Robe              |     2 |     7 |    50 ||    59
Dodge: Dodged            |    11 |    35 |   186 ||   232
